[Event "FIDE WTC Prel-B 2022"]
[Site "Jerusalem"]
[Date "2022.11.20"]
[Round "2.13"]
[White "Rodshtein, Maxim"]
[Black "Yakubboev, Nodirbek"]
[Result "1/2-1/2"]
[ECO "E81"]
[WhiteElo "2618"]
[BlackElo "2667"]
[Annotator "TA"]
[PlyCount "62"]
[EventDate "2022.11.20"]
[EventType "team-tourn"]
[EventCountry "ISR"]
[SourceTitle "playchess.com"]
[Source "ChessBase"]
[SourceQuality "1"]
[WhiteTeam "Israel"]
[BlackTeam "Uzbekistan"]
[WhiteTeamCountry "ISR"]
[BlackTeamCountry "UZB"]
[TimeControl "2700+10"]

1. d4 Nf6 2. c4 g6 3. Nc3 Bg7 4. e4 d6 5. f3 O-O 6. Nge2 c5 7. Be3 Qa5 {[%emt 0:00:40] E81: King's Indian: Sämisch: 6th move deviations (including 6 Be3 c6).} 8. Nc1 cxd4 9. Nb3 Qb6 {[%emt 0:00:01] White is slightly better.} 10. Bxd4 Qd8 11. Be2 Nc6 12. Be3 Be6 13. Rc1 {[%emt 0:04:02] [#]} Rc8 $146 ({Predecessor:} 13... Nd7 14. O-O Nb6 15. Nd2 f5 16. exf5 gxf5 17. Kh1 Kh8 18. b3 d5 19. cxd5 Nxd5 20. Nxd5 Bxd5 {½-½ (34) Kuiper,J (2475)-Rallabandi,P (2472) ICCF email 2019}) 14. Nd5 Nd7 15. Qd2 a5 16. O-O a4 17. Na1 Nc5 18. Rfd1 f5 19. exf5 Bxf5 20. Kh1 Rf7 21. b4 axb3 $1 22. Nxb3 b6 23. Nd4 Nxd4 24. Bxd4 Bxd4 25. Qxd4 g5 26. Qe3 h6 27. Rd2 Ra8 28. Rcd1 Kh7 29. Rb2 Ra6 30. Nb4 Ra8 31. Nd5 Ra6 {[%emt 0:00:00] Weighted Error Value: White=0.09 (flawless) /Black=0.09 (flawless)} 1/2-1/2

[Event "FIDE WTC Prel-B 2022"]
[Site "Jerusalem"]
[Date "2022.11.20"]
[Round "2.14"]
[White "Sindarov, Javokhir"]
[Black "Nabaty, Tamir"]
[Result "1-0"]
[ECO "C50"]
[WhiteElo "2654"]
[BlackElo "2629"]
[Annotator "TA"]
[PlyCount "109"]
[EventDate "2022.11.20"]
[EventType "team-tourn"]
[EventCountry "ISR"]
[SourceTitle "playchess.com"]
[Source "ChessBase"]
[SourceQuality "1"]
[WhiteTeam "Uzbekistan"]
[BlackTeam "Israel"]
[WhiteTeamCountry "UZB"]
[BlackTeamCountry "ISR"]
[TimeControl "2700+10"]

1. e4 e5 2. Nf3 Nc6 3. Bc4 Bc5 4. Nc3 Nf6 5. d3 h6 6. h3 a6 {[%emt 0:00:11] C50: Hungarian Defence and Giuoco Pianissimo.} 7. Be3 d6 8. Bxc5 {[%emt 0:00:33] 8.0-0 is a critical line.} dxc5 {[%emt 0:00:03] The position is equal.} 9. O-O O-O 10. Nd5 $5 {[%emt 0:00:06][%mdl 4] Exploring less charted territory.} Be6 11. Ne3 {[%emt 0:00:04] [#]} Qd6 $146 ({Predecessor:} 11... Qd7 12. Bxe6 Qxe6 13. c3 Rad8 14. Qc2 Rd7 15. Rfd1 Rfd8 16. Rd2 Ne7 17. Nh4 Nxe4 {0-1 (52) Khairallah,R-Al Sori,M (1749) Istanbul 2012}) 12. Nh4 g6 13. Bxe6 Qxe6 14. f4 exf4 15. Rxf4 Rad8 16. b3 (16. Qe1 $11 {keeps the balance.}) 16... Nd4 (16... g5 $6 17. Rxf6 Qxf6 18. Ng4 Qd4+ 19. Kh1 gxh4 20. Nxh6+ Kh8 21. Nf5 $11) (16... Qe5 $1 $17 17. g3 Nd4) 17. Rf2 Nxe4 18. dxe4 Nf5 $1 {[%emt 0:00:01][%mdl 64] Pin} 19. Qe1 (19. exf5 $2 Rxd1+ 20. Rxd1 (20. Nxd1 $2 Qe1+ 21. Rf1 Qxh4 $19) 20... Qxe3 $19) 19... Nxh4 20. g3 Rd4 $1 21. Ng4 ({Wrong is} 21. gxh4 $2 Rxe4 22. Rf3 Re8 $19) 21... f5 $1 22. Nh2 ({But not} 22. Nxh6+ Kh7 23. gxh4 Kxh6 24. exf5 Qxe1+ 25. Rxe1 Rxf5 $11) 22... Rxe4 23. Qf1 Re8 24. gxh4 Rxh4 25. Nf3 Re4 26. Rd1 Re3 27. Qg2 Kh7 28. Qg3 Re7 29. Rg2 (29. h4 $11) 29... g5 {[%emt 0:00:11][%cal Og5g4] Strongly threatening ...g4!} (29... f4 $5 30. Qf2 (30. Qxf4 $2 Rf7 $19) 30... g5 $15) 30. Rf1 f4 31. Qg4 Qxg4 32. hxg4 Kg6 33. Rd2 Re2 34. Rf2 Rxd2 35. Rxd2 $11 {[%emt 0:00:01][%mdl 4096] Endgame KRN-KR} b6 {[%emt 0:00:00] White now steadily converts the win.} ({Better is} 35... c4 $14) 36. Kf2 Kf6 37. Rd8 Re3 38. Rf8+ Ke7 39. Rc8 Rc3 (39... Kd6 $16 {was worth a try.}) 40. Ne1 $18 Kd6 41. Rh8 Rh3 {[%emt 0:00:13] [#]} (41... Kd5 $16 42. Rxh6 Rg3) 42. Nf3 $1 Kd5 $2 (42... Rg3 43. Rxh6+ Ke7 44. Nxg5 Rxg4) 43. c4+ Kc6 44. Nxg5 Rh2+ 45. Kf3 Rxa2 46. Rxh6+ Kd7 47. Kxf4 Rb2 48. Rh3 a5 49. Ne4 {[%emt 0:00:11] Hoping for g5.} Ke6 50. g5 {[%emt 0:00:01] White threatens g6 and mate.} Rb1 51. g6 Rf1+ 52. Rf3 Rg1 53. Rg3 Rf1+ 54. Kg5 Rf8 {[%emt 0:00:12] [#]} 55. g7 {[%emt 0:00:05] Weighted Error Value: White=0.12 (very precise) /Black=0.41} (55. Nf6 $142 $1 Kd6 56. g7 Rc8 57. Re3 Kc6 58. Ne8 Kb7 59. g8=Q a4 60. Qd5+ Ka7 61. Re7) 1-0

[Event "FIDE WTC Prel-B 2022"]
[Site "Jerusalem"]
[Date "2022.11.20"]
[Round "2.15"]
[White "Smirin, Ilia"]
[Black "Vokhidov, Shamsiddin"]
[Result "1/2-1/2"]
[ECO "C60"]
[WhiteElo "2596"]
[BlackElo "2568"]
[Annotator "TA"]
[PlyCount "125"]
[EventDate "2022.11.20"]
[EventType "team-tourn"]
[EventCountry "ISR"]
[SourceTitle "playchess.com"]
[Source "ChessBase"]
[SourceQuality "1"]
[WhiteTeam "Israel"]
[BlackTeam "Uzbekistan"]
[WhiteTeamCountry "ISR"]
[BlackTeamCountry "UZB"]
[TimeControl "2700+10"]

1. e4 e5 2. Nf3 Nc6 3. Bb5 Nge7 4. O-O g6 5. c3 a6 6. Ba4 Bg7 7. d4 exd4 8. cxd4 b5 {[%emt 0:00:02] C60: Ruy Lopez: Unusual Black 3rd moves and 3...g6.} 9. Bc2 d5 10. e5 {[%emt 0:00:53] [#]} (10. exd5 $14 Qxd5 11. Nc3) 10... f6 $146 (10... Bg4 $11) ({Predecessor:} 10... O-O 11. Nbd2 f6 12. Re1 fxe5 13. dxe5 Qe8 14. h3 Qf7 15. Qe2 h6 16. b3 Nb4 {0-1 (74) Firat,B (2405)-Delchev,A (2622) Plovdiv 2012}) 11. exf6 $14 Bxf6 12. Bg5 ({White should try} 12. h3 $14) 12... Qd6 13. Bxf6 Qxf6 14. Ne5 {[%emt 0:01:07] Prevents Bg4.} Nxe5 15. dxe5 Qxe5 16. Re1 Qd6 17. Nc3 O-O 18. Bb3 c6 19. Ne4 $1 {[%emt 0:00:15] Inhibits Qf6.} Qe5 20. Qd2 Nf5 21. Rad1 Ra7 22. Qc1 Kh8 (22... Nd4 $2 23. Qc3 $16 (23. Qc5 Re7 $16)) 23. Qc5 (23. Ng5 $15 Qf6 24. Nf3) 23... Re7 $17 24. Ng3 Qd6 ({Don't play} 24... Qxe1+ $6 25. Rxe1 Rxe1+ 26. Nf1 $11) 25. Qc3+ {[%emt 0:01:00] [#]} (25. Qb6 $17 {might work better.}) 25... Qf6 (25... d4 $1 $19 26. Qd2 (26. Rxe7 $2 dxc3 27. Rxd6 cxb2 $19) 26... Rxe1+ 27. Rxe1 Nxg3 28. hxg3 c5) 26. Qc5 Rxe1+ 27. Rxe1 Nd4 28. f3 a5 29. Bc2 Nxc2 30. Qxc2 Bd7 31. Qc5 Kg7 32. Re7+ Rf7 33. Re2 a4 34. b3 axb3 35. axb3 Qa1+ (35... h5 $17 {...h4 is the strong threat.} 36. h3 Qg5) 36. Kf2 $11 h5 37. Re7 Qf6 38. Rxf7+ Kxf7 {[%emt 0:00:00][%mdl 4096] Endgame KQB-KQN} 39. b4 Qf4 40. h3 Qh4 41. Qa7 Ke6 42. Qe3+ Kf7 43. Qa7 Qe7 44. Ne2 h4 45. Nd4 Be8 46. Qa3 Qe5 47. Qa7+ Qe7 48. Qa3 Bd7 49. Qc3 Qe5 50. Qc5 Qe7 51. Qc3 Qd6 52. Ne2 {[%emt 0:00:22] Active counter play!} g5 53. Nd4 Qg3+ 54. Kf1 Qd6 55. Nb3 Kg6 56. Nd4 Qe5 57. Kf2 Kf7 58. Kf1 Qf6 59. Kf2 Kg7 60. Qe3 Kf7 61. Qc3 Qe5 62. Qc5 Qe7 63. Qc3 {[%emt 0:00:02] White happily takes the draw.  Weighted Error Value: White=0.12 (very precise) /Black=0.12 (very precise)} 1/2-1/2

[Event "FIDE WTC Prel-B 2022"]
[Site "Jerusalem"]
[Date "2022.11.20"]
[Round "2.16"]
[White "Vakhidov, Jakhongir"]
[Black "Postny, Evgeny"]
[Result "1/2-1/2"]
[ECO "D10"]
[WhiteElo "2607"]
[BlackElo "2588"]
[Annotator "TA"]
[PlyCount "113"]
[EventDate "2022.11.20"]
[EventType "team-tourn"]
[EventCountry "ISR"]
[SourceTitle "playchess.com"]
[Source "ChessBase"]
[SourceQuality "1"]
[WhiteTeam "Uzbekistan"]
[BlackTeam "Israel"]
[WhiteTeamCountry "UZB"]
[BlackTeamCountry "ISR"]
[TimeControl "2700+10"]

1. c4 c6 2. Nc3 d5 3. d4 Nf6 4. cxd5 cxd5 5. Bf4 Nc6 6. e3 Bg4 7. f3 Bd7 {[%emt 0:02:05] D10: Slav Defence: 3 cxd5 (without early Nf3) and 3 Nc3.} 8. g4 e6 9. Bd3 Bb4 10. Nge2 Qe7 11. a3 {[%emt 0:15:49] [#]} (11. Kf2 {with more complications.} O-O 12. a3 Bxc3 13. Nxc3 Rac8 14. h4) 11... Bd6 $146 ({Predecessor:} 11... e5 12. dxe5 Bxc3+ 13. Nxc3 Nxe5 14. Be2 Bc6 15. Qd4 Ned7 16. Rd1 O-O 17. h4 Nc5 {0-1 (36) Grigore,G (2491)-Svetushkin,D (2534) Mamaia 2019}) 12. Bxd6 Qxd6 13. Qc2 (13. Kf2 {seems wilder.} O-O-O 14. b4 Kb8 15. Qg1) 13... Rc8 14. Rd1 g6 15. h3 e5 16. dxe5 Qxe5 17. Kf2 O-O 18. f4 Qd6 (18... Qe8 $11) 19. g5 $16 Nh5 {[%emt 0:00:04] [#]} 20. Be4 $1 Ne7 21. Qb3 ({Wrong is} 21. Bxd5 $2 Nxd5 22. Qb3 (22. Rxd5 $2 Qxd5 23. Qxg6+ hxg6 $19) 22... Nxc3 $1 23. Rxd6 Ne4+ 24. Kg2 Nxd6 $19) 21... Be6 22. Nxd5 Qc5 (22... Nxd5 $14 23. Bxd5 Rc5 24. Bxe6 (24. Bxb7 Qc7 $11) 24... Qxe6) 23. Nxe7+ Qxe7 24. Qxb7 {[%emt 0:02:09] White is more active.} Qxb7 25. Bxb7 Rb8 26. Bf3 Rxb2 27. Bxh5 gxh5 28. Kf3 Rb3 {[%emt 0:00:48] [#]} ({Better is} 28... Rc8 $14) 29. Ng3 (29. f5 $142 $1 Bc8 30. Nd4 Rxa3 31. Ra1) 29... h4 30. Nh5 Rxa3 {[%emt 0:00:17] [#]} 31. Ra1 ({White should play} 31. Rd6 $1 $16) 31... Rxa1 $1 $14 ({Weaker is} 31... Bd5+ 32. Kg4 f5+ 33. Kxh4 Rxe3 34. Rhg1 $16) 32. Rxa1 {[%emt 0:00:01][%mdl 4096] Endgame KRB-KRN} Ra8 33. Ra5 {[%emt 0:00:03] Hoping for f5.} (33. Ra6 $5 ) 33... Bxh3 34. f5 Bf1 35. e4 h3 {[%emt 0:00:53] Strongly threatening ...h2.} 36. Kg3 h6 37. gxh6 Kh7 38. Ra1 Kxh6 39. Nf6 Bg2 40. Ng4+ Kg5 (40... Kh5 $5 41. Nf6+ Kg5 42. Nh7+ Kh6 $15) 41. Nf2 a5 {[%emt 0:00:26] ...a4 is the strong threat.} 42. Ra4 Kf6 43. Nxh3 Rg8+ 44. Kh2 Bf1 45. e5+ Kxe5 {[%emt 0:00:09] Threatens to win with ...Rh8.} 46. Rxa5+ Kf6 {[%emt 0:00:17] White must now prevent ...Rh8.} 47. Nf4 Rg4 48. Nh5+ Kg5 49. Ng3 Bd3 50. Rd5 Be4 51. Nxe4+ {[%emt 0:00:14] The position is equal.} Rxe4 $11 {[%emt 0:00:02] KR-KR} 52. Kg3 f6 53. Ra5 Rg4+ 54. Kf3 Rf4+ 55. Kg3 $1 Rxf5 56. Rxf5+ {[%emt 0:00:06][%mdl 64] Remove Defender} Kxf5 57. Kf3 {[%emt 0:00:01] Weighted Error Value: White=0.12 (very precise) /Black=0.14 (very precise)} 1/2-1/2

[Event "FIDE WTC Prel-B 2022"]
[Site "Jerusalem"]
[Date "2022.11.20"]
[Round "2.17"]
[White "Niemann, Hans Moke"]
[Black "Mamedyarov, Shakhriyar"]
[Result "0-1"]
[ECO "C80"]
[WhiteElo "2699"]
[BlackElo "2741"]
[Annotator "TA"]
[PlyCount "114"]
[EventDate "2022.11.20"]
[EventType "team-tourn"]
[EventCountry "ISR"]
[SourceTitle "playchess.com"]
[Source "ChessBase"]
[SourceQuality "1"]
[WhiteTeam "United States"]
[BlackTeam "Azerbaijan"]
[WhiteTeamCountry "USA"]
[BlackTeamCountry "AZE"]
[TimeControl "2700+10"]

1. e4 e5 2. Nf3 Nc6 3. Bb5 a6 4. Ba4 Nf6 5. O-O Nxe4 6. d4 b5 7. Bb3 d5 8. dxe5 Be6 9. Nbd2 Nc5 10. Qe2 {[%emt 0:00:02] C80: Open Ruy Lopez: Sidelines and 9 Nbd2.} g6 $5 {[%emt 0:03:24][%mdl 4] Leaves trodden paths.} 11. c3 Bg7 12. Nd4 {[%emt 0:00:13] White is slightly better.} Nxe5 13. f4 Ned3 14. f5 $1 {[%emt 0:02:42][%mdl 64] Pin} Nxc1 $5 {[%emt 0:03:03][%mdl 4] Leaves trodden paths.} ({Better is} 14... gxf5 $14 15. Nxf5 Rg8) 15. Raxc1 $16 (15. Rfxc1 $6 gxf5 16. Nxf5 Rg8 $11) 15... gxf5 16. Nxf5 {[%emt 0:00:31] [#]} Bf6 $146 ({Predecessor:} 16... Rg8 17. Bc2 Kd7 18. Qe3 Qf8 19. b4 Nb7 20. Nb3 a5 21. Bd3 axb4 22. cxb4 Rxa2 23. Kh1 Bh8 24. Qf4 Qd8 25. Bxb5+ Kc8 26. Rf2 {1-0 (26) Siebel,D (1945)-Herzog,K (1869) GER email 2014}) 17. Bc2 (17. Qe3 Nxb3 18. Nxb3 O-O $14) 17... Nd7 18. Nd4 {[%emt 0:10:07] Pair of Knights!} ({White should play} 18. Nb3 $1 $16) 18... Qe7 $1 $14 19. Rce1 Bxd4+ 20. cxd4 O-O-O 21. Nb3 Qd6 22. a4 bxa4 23. Na5 Qb6 24. Qd2 Rdg8 $1 (24... Qxb2 25. Rb1 Qa3 26. Qe2 $18) 25. Bxa4 Rg4 $1 26. Nc6 {[%emt 0:02:44] Threatens to win with Re3.} Nb8 27. h3 Nxc6 28. hxg4 {[%emt 0:00:05] Hoping for Bxc6.} Nxd4 {[%emt 0:01:02] And now ...Nf3+ would win.} 29. Qe3 {[%emt 0:00:46] Against Nf3+} Rg8 30. Bd1 Bxg4 31. Rf2 (31. Kh1 $1 $11 {remains equal.}) 31... Bxd1 32. Rxd1 Rg4 (32... c5 33. Qe7 Qc7 34. Rxf7 Nf3+ 35. Kf1 Qxe7 36. Rxe7 $16) 33. Rd3 $1 Re4 34. Qh3+ {[%emt 0:00:00] [#]} (34. Qg5 $11 Qe6 35. Qf6 (35. Qg8+ Kb7 $11)) 34... Kb7 (34... f5 $1 $17 35. Qxh7 Re1+ 36. Kh2 Qd6+ 37. g3 Qe5 38. Rxd4 Qxd4 39. Qxf5+ Kb7) 35. Re3 $2 {[%emt 0:00:00] Prevents Re1+.} (35. Qd7 $1 $15 Qe6 36. Qxe6 (36. Rxf7 $2 Re1+ 37. Kh2 Qe5+ 38. Rg3 Ne2 $19) 36... fxe6 37. Rh3) 35... f5 $19 {[%emt 0:00:34] ...f4 is the strong threat.} 36. Kh1 Nb5 $2 (36... Qc5 $19 {aiming for ...Qc1+.} 37. Rxe4 Qc1+ 38. Kh2 dxe4) 37. Rxe4 $4 (37. Ref3 $1 $15) 37... fxe4 $15 {[%emt 0:00:17][%mdl 4096] Endgame KQR-KQN} ({Weaker is} 37... Qxf2 38. Re5 $15) 38. Rf8 Nd6 39. Qxh7 Qxb2 40. Qg8 $2 (40. Rf1 {was worth a try.}) 40... Qa1+ $19 41. Kh2 Qe5+ 42. Qg3 Qh5+ 43. Kg1 Qd1+ (43... d4 44. Rf1 Qc5) 44. Kh2 Qh5+ $2 (44... Qd3 45. Qe5 Kc6) 45. Kg1 {[%emt 0:00:00] [#]} d4 $1 {[%emt 0:00:03] Prevents Qc3.} ({Don't go for} 45... Qd1+ $2 46. Rf1 Qd4+ 47. Kh2 $19) 46. Rf1 Qc5 47. Rb1+ (47. Qf2 $142 Kc6 48. Ra1) 47... Ka7 48. Qf2 (48. Re1 $142 e3 49. Qf4) 48... Nb5 49. Ra1 Nc3 50. g4 e3 51. Qf6 Qc4 52. Qe5 e2 53. g5 d3 {[%emt 0:00:03] Black mates.} 54. Qe3+ Kb7 55. Qf3+ Ne4 56. Rb1+ Kc6 57. Qf8 Qc5+ {[%emt 0:00:10] Weighted Error Value: White=0.47/Black=0.28 (precise)} 0-1

[Event "FIDE WTC Prel-B 2022"]
[Site "Jerusalem"]
[Date "2022.11.20"]
[Round "2.18"]
[White "Radjabov, Teimour"]
[Black "Bruzon Batista, Lazaro"]
[Result "1-0"]
[ECO "E20"]
[WhiteElo "2747"]
[BlackElo "2615"]
[Annotator "TA"]
[PlyCount "85"]
[EventDate "2022.11.20"]
[EventType "team-tourn"]
[EventCountry "ISR"]
[SourceTitle "playchess.com"]
[Source "ChessBase"]
[SourceQuality "1"]
[WhiteTeam "Azerbaijan"]
[BlackTeam "United States"]
[WhiteTeamCountry "AZE"]
[BlackTeamCountry "USA"]
[TimeControl "2700+10"]

1. d4 Nf6 2. c4 e6 3. Nc3 Bb4 4. g3 c5 5. Nf3 Nc6 6. Bg2 Ne4 7. Bd2 Nxd2 8. Qxd2 cxd4 {[%emt 0:00:06] E20: Nimzo-Indian: 4 g3 and 4 f3.} 9. Nxd4 O-O 10. O-O Ne5 {[%emt 0:00:23] The position is equal.} 11. b3 a6 12. Rfd1 Qa5 13. Rac1 Rb8 14. Qe3 f6 {[%emt 0:06:05] [#]} 15. a3 $146 ({Predecessor:} 15. a4 b6 16. h3 Bb7 17. Bxb7 Rxb7 18. Ne4 Rc7 19. Nf3 Nxf3+ 20. Qxf3 Qe5 21. Qd3 {1-0 (46) Stocek,J (2545)-Kristjansson,S (2403) Plovdiv 2003}) 15... Be7 {[%emt 0:00:39] [#]} (15... Bxc3 $14 16. Qxc3 (16. Rxc3 Qxa3 17. Nc2 Qa5 $11) 16... Qxa3) 16. Ne4 {[%emt 0:00:55] White is more active.} (16. b4 $1 $16 Qxa3 17. Nc2) 16... f5 $14 17. b4 Qc7 18. Nd2 Ng4 19. Qc3 b6 20. c5 bxc5 21. bxc5 Rf7 22. e3 Nf6 23. Qa1 g6 24. N4f3 Rb5 (24... Rf8 $11) 25. Ne5 $16 {[%emt 0:00:40] White leaves nothing to chance now.} Rf8 26. Nd3 Ne8 ({Better is} 26... Rb8) 27. a4 Rb8 28. Nc4 Bf6 (28... a5 $16 {was necessary.}) 29. Qa2 $18 Kh8 30. a5 Bg7 31. Nb6 Nf6 32. Nb4 Bb7 33. c6 dxc6 34. Nxc6 ({But not} 34. Bxc6 $6 Rbd8 35. Rxd8 (35. Qxe6 Rxd1+ 36. Rxd1 Bxc6 $16) 35... Rxd8 36. Qxe6 Ne4) 34... Rbe8 (34... Bxc6 {was called for.} 35. Rxc6 Qe5 36. Rxe6 (36. Qxe6 Qxa5 37. Nc8 Qa4 $16) 36... Qc5) 35. Nd4 {[%emt 0:00:09][%csl LRc7,LRe6] Pair of Knights!} Qf7 36. Bxb7 Qxb7 37. Nxe6 Qf7 38. Rc6 Re7 39. Qc4 Rfe8 40. Rd8 Ng4 $2 {[%emt 0:00:21] [#]} (40... Rxd8 41. Nxd8 Qxc4 42. Nxc4 Kg8 43. Rxa6 Rc7) 41. Rcc8 $1 {[%emt 0:00:30] White is clearly winning.} Ne5 (41... Qg8 42. Qc6) 42. Qa4 Rxd8 43. Rxd8+ {[%emt 0:00:01] Weighted Error Value: White=0.11 (very precise) /Black=0.24 (precise)} 1-0

[Event "FIDE WTC Prel-B 2022"]
[Site "Jerusalem"]
[Date "2022.11.20"]
[Round "2.19"]
[White "Onischuk, Alexander"]
[Black "Guseinov, Gadir"]
[Result "1/2-1/2"]
[ECO "E92"]
[WhiteElo "2640"]
[BlackElo "2661"]
[Annotator "TA"]
[PlyCount "39"]
[EventDate "2022.11.20"]
[EventType "team-tourn"]
[EventCountry "ISR"]
[SourceTitle "playchess.com"]
[Source "ChessBase"]
[SourceQuality "1"]
[WhiteTeam "United States"]
[BlackTeam "Azerbaijan"]
[WhiteTeamCountry "USA"]
[BlackTeamCountry "AZE"]
[TimeControl "2700+10"]

1. d4 Nf6 2. c4 g6 3. Nc3 Bg7 4. e4 d6 5. Nf3 O-O 6. Be2 e5 7. Be3 c6 8. d5 Na6 9. Nd2 {[%emt 0:00:48] E92: King's Indian: Classical: 6 Be2 e5: 7 dxe5, 7 Be3 and Petrosian System without 7...Nbd7.} Ne8 10. O-O f5 {[%emt 0:00:00] [#] And now ...f4 would win.} 11. exf5 {[%emt 0:01:59] White is slightly better.} gxf5 {[%emt 0:00:00] Threatens to win with ...f4.} 12. f4 {[%emt 0:00:26] [#]} exf4 $146 ({Predecessor:} 12... c5 13. a3 b6 14. Rb1 Bd7 15. Qc2 Kh8 16. Kh1 Qe7 17. Rbe1 Nac7 18. b4 exf4 19. Bxf4 {½-½ (32) Schreiner,P (2463)-Kranzl,P (2162) Austria 2017}) 13. Rxf4 Bh6 14. Kh1 {[%emt 0:04:19] White is more active.} Bxf4 15. Bxf4 Qh4 16. Qf1 {[%emt 0:07:20][%mdl 1024] White has compensation.} (16. g3 $5 Qf6 17. Nb3 $11) 16... Nc5 17. Bg3 {[%emt 0:06:10] This bishop pair is nice.} Qh6 18. Bf4 Qh4 19. Bg3 Qh6 (19... Qg5 $5 20. Bf4 Qg6 $11) 20. Bf4 {[%emt 0:00:43] Weighted Error Value: White=0.15 (very precise) /Black=0.10 (very precise)} 1/2-1/2

[Event "FIDE WTC Prel-B 2022"]
[Site "Jerusalem"]
[Date "2022.11.20"]
[Round "2.20"]
[White "Asadli, Vugar"]
[Black "Quesada Perez, Yuniesky"]
[Result "1/2-1/2"]
[ECO "C67"]
[WhiteElo "2567"]
[BlackElo "2583"]
[Annotator "TA"]
[PlyCount "83"]
[EventDate "2022.11.20"]
[EventType "team-tourn"]
[EventCountry "ISR"]
[SourceTitle "playchess.com"]
[Source "ChessBase"]
[SourceQuality "1"]
[WhiteTeam "Azerbaijan"]
[BlackTeam "United States"]
[WhiteTeamCountry "AZE"]
[BlackTeamCountry "USA"]
[TimeControl "2700+10"]

1. e4 e5 2. Nf3 Nc6 3. Bb5 Nf6 4. O-O Nxe4 5. Re1 Nd6 6. Bf1 {[%emt 0:00:08] C67: Ruy Lopez: Berlin Defence: 4 0-0 Nxe4.} Be7 {[%emt 0:00:59] [#] Strongly threatening ...e4.} 7. Nc3 {[%emt 0:00:09] Inhibits e4.} O-O 8. d4 e4 9. Nxe4 Nxe4 10. Rxe4 d5 11. Re1 Bf5 {[%emt 0:01:08] [#]} 12. Bd3 $146 ({Predecessor:} 12. c3 Be4 13. g3 Bf6 14. Nd2 Bf5 15. Bg2 Ne7 16. Nf1 Nc8 17. h4 c6 18. Bf4 {1-0 (73) Clarke,B (2445)-Fischer,D (2367) Hamburg 2022}) 12... Bxd3 13. Qxd3 Qd7 14. Bf4 (14. c3 {looks sharper.} Bd6 15. Ng5 g6 16. Qh3) 14... Rfe8 15. c3 a6 16. h4 h6 17. g3 Bd6 18. Bxd6 Qxd6 19. Kg2 Qd7 20. Nh2 Rxe1 21. Rb1 {[%emt 0:24:16][%mdl 8192] [#]} (21. Rxe1 $11 Re8 22. Rxe8+ Qxe8 23. Qf3) 21... Rd1 $2 22. Rxd1 {[%emt 0:00:00] The position is equal.} Rd8 23. Re1 Re8 24. Rxe8+ Qxe8 $11 {[%emt 0:00:00][%mdl 4096] Endgame KQN-KQN} 25. Qf5 Ne7 26. Qe5 Qd7 27. h5 f6 28. Qf4 Nc8 29. Ng4 Nd6 30. Ne3 Qe6 31. g4 c6 32. f3 Kf7 33. Kf2 Ke7 34. a4 a5 35. b3 Kd7 36. Ke2 b5 37. Kd3 bxa4 38. bxa4 Qe8 39. Kc2 Qe6 40. Kd3 Qe8 41. Kc2 Qe6 42. Kd3 {[%emt 0:00:00] Weighted Error Value: White=0.20 (precise) /Black=0.24 (precise)} 1/2-1/2